 Dungeon Crawl Stone Soup version 0.21.0-3-g78d12a8 (webtiles) character file.

417 JayRed the Sneak (level 6, 0/46 HPs)
             Began as a Vampire Assassin on Jan 10, 2018.
             Slain by an ice beast (9 damage)
             ... on level 5 of the Dungeon.
             The game lasted 00:21:24 (1951 turns).

JayRed the Sneak (Vampire Assassin)                 Turns: 1951, Time: 00:21:24

Health: 0/46       AC:  7    Str: 12    XL:     6   Next: 61%
Magic:  6/6        EV: 10    Int: 14    God:
Gold:   200        SH:  0    Dex: 15    Spells: 5/5 levels left

rFire    + . .     SeeInvis +   K - +2 scythe (flame)
rCold    . . .     Gourm    .   (shield currently unavailable)
rNeg     . . .     Faith    .   B - +0 scale mail {rF+}
rPois    +         Spirit   .   (no helmet)
rElec    .         Reflect  .   d - +0 cloak
rCorr    .         Harm     .   (no gloves)
MR       .....                  (no boots)
Stlth    ++........             (no amulet)
HPRegen  0.35/turn              i - ring of poison resistance
MPRegen  0.10/turn              (no ring)

@: regenerating quickly
A: fangs 3, see invisible, unbreathing
a: no special abilities


You were on level 5 of the Dungeon.
You were very full.

You visited 2 branches of the dungeon, and saw 6 of its levels.

You collected 200 gold pieces.

Inventory:

Hand Weapons
 a - a +2 dagger
 b - a +0 blowgun
 h - a +0 giant club
 n - a +0 dagger of holy wrath
 o - a +0 dagger
 p - a +0 club
 r - a +0 short sword
 u - a +0 hunting sling
 v - a +0 short sword
 w - a +0 hand axe
 x - a +0 whip of holy wrath
 z - a +0 whip
 D - a +0 trident
 F - a +0 hunting sling
 J - a +0 dagger
 K - a +2 scythe of flaming (weapon)
 N - a +0 club
 O - a cursed -1 falchion
 P - a +0 flail
 R - a +0 club
 U - a +0 short sword
 Z - a +2 dagger of freezing
Missiles
 e - 8 poisoned needles
 f - 2 curare-tipped needles
 k - 62 stones (quivered)
 s - 86 arrows
 y - 4 large rocks
 G - 10 sling bullets
 Q - 2 tomahawks of dispersal
Armour
 c - a +0 robe
 d - a +0 cloak (worn)
 A - a cursed +0 ring mail
 B - a +0 scale mail of fire resistance (worn)
 I - a +0 buckler
 L - a +0 chain mail
 M - a +0 robe
 S - a +0 leather armour
 Y - a +0 ring mail
Jewellery
 i - a ring of poison resistance (left hand)
Wands
 X - a wand of acid (7)
Scrolls
 m - a scroll of identify
 q - 2 scrolls of remove curse
Potions
 g - a potion of blood
 j - 2 potions of haste
 t - a potion of curing
 C - a potion of degeneration {unknown}
 E - a potion of berserk rage {unknown}
 H - 2 potions of lignification {unknown}
 T - a potion of heal wounds {unknown}
 W - a potion of cancellation
Comestibles
 l - 4 rations


   Skills:
 + Level 2.9 Fighting
 + Level 4.3 Short Blades
 + Level 1.6 Polearms
 + Level 1.5 Throwing
 + Level 1.7 Armour
 + Level 2.8 Dodging
 + Level 7.7 Stealth


You had 5 spell levels left.
You didn't know any spells.

Dungeon Overview and Level Annotations

Branches:
Dungeon (5/15)             Temple (1/1) D:4

Altars:
Ashenzari
Cheibriados
Dithmenos
Elyvilon
Fedhas
Gozag
Hepliaklqana
Kikubaaqudgha
Makhleb
Nemelex Xobeh
Okawaru
Qazlal
Ru
Sif Muna
Trog
Uskayaw
Vehumet
Wu Jian
Xom
Zin
The Shining One


Innate Abilities, Weirdness & Mutations

Your natural rate of healing is unusually fast.
You have razor-sharp teeth.
You have supernaturally acute eyesight. (SInv)
You can survive without breathing.


Message History

The crimson imp hits you but does no damage.
The ice beast hits you. The ice beast freezes you!
* * * LOW HITPOINT WARNING * * *
The crimson imp blinks!
The ice beast hits you but does no damage.
You feel better.
The crimson imp blinks!
The ice beast hits you.
* * * LOW HITPOINT WARNING * * *
The ice beast freezes you!
* * * LOW HITPOINT WARNING * * *
You barely miss the ice beast.
The ice beast is lightly wounded.
The ice beast barely misses you.
You feel better.
The ice beast hits you but does no damage.
You hit the ice beast but do no damage.
The ice beast is lightly wounded.
The ice beast hits you.
* * * LOW HITPOINT WARNING * * *
The ice beast freezes you!
You die...

........##..........#
##.......##..........##
.........##...........
.........##.........#
.........##.........#
.........##.$.......#
.........##....Y....+
...............@....#
.....##'##.###....#.#
... #.##.##.....5... .
#.##............#
#.#####.........#
#....##........$#
####.##.........#
####.############
#....############


You could see an ice beast and a crimson imp.

Vanquished Creatures
  Sigmund (D:3)
  An ogre (D:4)
  2 hound skeletons (D:4)
  5 adders
  2 oozes
  An adder skeleton (D:4)
  4 worms
  A dart slug (D:1)
  4 leopard geckos
  14 orcs
  7 bats
  6 goblins
  3 hobgoblins
  2 jackals (D:4)
  2 quokkas
  6 frilled lizards
  2 kobolds
  5 rats
  A plant (Temple)
69 creatures vanquished.

Notes
Turn   | Place    | Note
-------+----------+-------------------------------------------
     0 | D:1      | JayRed the Vampire Assassin began the quest for the Orb.
     0 | D:1      | Reached XP level 1. HP: 16/16 MP: 1/1
    19 | D:1      | Reached skill level 6 in Stealth
   146 | D:1      | Reached XP level 2. HP: 14/22 MP: 2/2
   264 | D:1      | Reached skill level 7 in Stealth
   423 | D:2      | Reached XP level 3. HP: 11/27 MP: 3/3
   731 | D:2      | Reached XP level 4. HP: 33/33 MP: 4/4
  1000 | D:3      | Noticed Sigmund
  1003 | D:3      | Killed Sigmund
  1003 | D:3      | Reached skill level 1 in Armour
  1003 | D:3      | Reached XP level 5. HP: 39/39 MP: 5/5
  1067 | D:3      | Reached XP level 6. HP: 16/46 MP: 6/6
  1223 | D:3      | Found a glowing golden altar of the Shining One.
  1497 | D:4      | Found a staircase to the Ecumenical Temple.
  1519 | Temple   | Entered the Ecumenical Temple
  1722 | D:4      | Reached skill level 1 in Polearms
  1893 | D:5      | Entered Level 5 of the Dungeon
  1940 | D:5      | Noticed an ice beast
  1951 | D:5      | Slain by an ice beast

Skill      XL: |  1  2  3  4  5  6 |
---------------+-------------------+-----
Stealth        | 6 7 |  7.7
Fighting       | 2 |  2.9
Dodging        | 2 |  2.8
Short Blades   | 4 |  4.3
Armour         | 1 |  1.7
Polearms       | 1 |  1.6
Throwing       | |  1.5

Action                   |  1- 3 |  4- 6 || total
-------------------------+-------+-------++-------
Melee: Dagger            |    92 |    57 ||   149
       Bite              |    12 |    15 ||    27
       Scythe            |       |    70 ||    70
Evoke: Wand              |       |     2 ||     2
  Use: Scroll            |     3 |     3 ||     6
       Potion            |     2 |     3 ||     5
 Stab: Sleeping          |     5 |     1 ||     6
  Eat: Corpse            |     9 |     5 ||    14
Armor: Robe              |     4 |       ||     4
       Scale mail        |    10 |    96 ||   106
Dodge: Dodged            |    41 |   107 ||   148
